Map: Ice and Chrome LE

Players

joepunk

  • Race: Terran Terran
  • League: Platinum
  • Spawn Location: 1:00

DLCFocesTTV - Winner!

  • Race: Zerg Zerg
  • League: Gold
  • Spawn Location: 7:00

VOD

Have the link to the VOD?

Description

Time

  • Played on: Aug. 4, 2020, 3:03 a.m.
  • Length: 18:59
Show
View Real Time Build Order
Export as new Build Order

joepunk Terran 

Build Orders: Gas First Reaper Expand 

Get SALT Encoding   

  12  0:03  SCV  
  13  0:15  SCV  
  14  0:22  Supply Depot  
  14  0:27  SCV  
  15  0:32  Refinery  
  15  0:43  SCV  
  16  0:52  Barracks  
  16  0:55  SCV  
  17  1:18  SCV  
  18  1:30  SCV  
  19  1:39  Reaper  
  20  1:44  Orbital Command  
  20  1:58  Command Center  
  20  2:07  Factory  
  20  2:15  Refinery  
  20  2:24  Barracks Reactor  
  20  2:30  Supply Depot  
  20  2:34  SCV  
  21  3:21  Starport, SCV x2  
  21  3:25  Hellion  
  21  3:26  Hellion  
  27  3:33  SCV x2  
  29  3:35  Marine  
  30  3:45  SCV x2  
  30  3:47  Starport  
  32  3:53  Marine  
  33  3:57  Viking, SCV x2  
  37  4:09  SCV x2  
  39  4:14  Refinery  
  39  4:19  Fusion Core  
  39  4:21  SCV x2  
  41  4:33  SCV  
  41  4:34  SCV  
  41  4:36  Command Center  
  43  4:45  SCV  
  43  4:46  SCV  
  43  4:48  Refinery  
  43  4:50  Starport Tech Lab  
  45  4:54  Starport Tech Lab  
  45  4:57  SCV  
  46  5:06  Barracks Tech Lab  
  46  5:13  Supply Depot  
  46  5:19  Supply Depot  
  46  5:35  Supply Depot, Battlecruiser, SCV x2  
  54  5:43  Battlecruiser  
  54  5:47  SCV  
  54  5:48  Supply Depot  
  61  5:53  Orbital Command  
  61  6:03  Supply Depot  
  61  6:05  SCV  
  61  6:07  SCV  
  61  6:11  Armory  
  63  6:27  Supply Depot  
  63  6:28  SCV x2, Orbital Command  
  65  6:37  Supply Depot  
  65  6:40  SCV  
  65  6:41  SCV  
  67  6:48  Battlecruiser  
  67  6:51  Supply Depot  
  67  6:52  SCV  
  67  6:53  SCV  
  75  7:02  SCV  
  75  7:04  SCV  
  75  7:05  SCV  
  78  7:08  Siege Tank  
  78  7:10  Marine  
  78  7:15  SCV  
  83  7:17  SCV x2  
  85  7:27  SCV  
  85  7:29  SCV x2  
  88  7:37  Battlecruiser  
  88  7:38  Marine x2  
  88  7:41  SCV  
  91  7:56  Marine x2  
  56  8:12  Supply Depot  
  56  8:13  Marine  
  56  8:14  Marine  
  63  8:20  Battlecruiser  
  61  8:31  Marine  
  61  8:32  Marine  
  44  8:49  SCV  
  43  8:57  SCV  
  43  9:01  SCV  
  35  9:47  SCV  
  35  9:48  SCV  
  35  9:52  Supply Depot x2  
  19  9:59  SCV  
  20  10:00  SCV  
  21  10:11  SCV  
  21  10:12  SCV  
  23  10:23  SCV  
  23  10:24  SCV  
  25  10:33  Factory Tech Lab  
  25  10:35  SCV  
  26  10:36  SCV  
  27  10:47  SCV  
  27  10:48  SCV  
  29  10:54  Supply Depot  
  29  10:57  Supply Depot  
  29  10:59  SCV  
  29  11:01  SCV  
  29  11:02  Barracks  
  31  11:36  Hellion  
  30  11:53  Factory  
  24  12:10  SCV  
  24  12:14  Refinery  
  24  12:15  Refinery  
  25  12:17  SCV  
  26  12:23  SCV  
  26  12:29  SCV  
  28  12:35  SCV  
  29  12:41  SCV  
  30  12:47  SCV  
  31  12:52  Marine  
  31  12:53  SCV  
  31  12:55  Hellion  
  35  12:59  SCV  
  35  13:03  Supply Depot  
  35  13:05  SCV  
  37  13:07  Barracks  
  37  13:11  SCV  
  38  13:13  Factory  
  38  13:14  Factory  
  38  13:17  SCV  
  39  13:23  SCV  
  40  13:27  Supply Depot  
  40  13:30  Marine  
  38  13:50  Barracks Reactor  
  38  13:59  SCV x2  
  38  14:02  Marine  
  41  14:08  Refinery  
  41  14:11  SCV  
  41  14:12  SCV  
  41  14:14  Hellion  
  45  14:18  Hellion x2  
  45  14:20  Marine  
  45  14:23  SCV  
  45  14:24  SCV  
  44  14:36  Barracks Reactor, SCV x2  
  44  14:38  Marine  
  46  14:39  Hellion x2  
  50  14:48  SCV x2  
  54  14:53  Hellion  
  54  14:56  Marine  
  55  15:00  SCV  
  55  15:01  Hellion x2  
  60  15:12  SCV  
  60  15:13  Marine  
  64  15:14  Hellion  
  64  15:22  Hellion x2  
  64  15:24  SCV  
  69  15:31  Marine  
  70  15:37  SCV  
  66  15:43  Hellion x2  
  66  15:49  Marine  
  68  15:52  Marine x2  
  70  16:01  Supply Depot  
  70  16:03  Supply Depot  
  70  16:23  Marine x3, SCV, Hellion x2  
  78  16:35  SCV  
  71  16:40  Marine x2  
  71  16:43  Engineering Bay  
  71  16:46  Marine  
  74  16:47  SCV  
  74  16:50  Barracks  
  75  16:55  Barracks  
  75  16:58  Marine x2  
  75  16:59  SCV  
  78  17:04  Marine  
  78  17:05  Barracks  
  70  17:11  SCV  
  71  17:16  Marine x2  
  71  17:21  Marine  
  71  17:22  Missile Turret  
  68  17:23  Missile Turret, SCV  
  68  17:24  Missile Turret  
  60  17:34  Marine x2  
  56  17:37  SCV  
  56  17:39  Marine  
  52  17:49  SCV  
  50  17:52  Marine x2  
  50  18:01  SCV  
  33  18:13  SCV x2  
  35  18:23  Missile Turret x3  
  35  18:25  SCV  
  35  18:26  SCV  
  37  18:28  Missile Turret  
  37  18:37  SCV  
  36  18:45  Command Center  
  36  18:49  Missile Turret  
Show
View Real Time Build Order
Export as new Build Order

DLCFocesTTV Zerg - Winner!

Build Orders: Hatch First 

Get SALT Encoding   

  12  0:00  Drone  
  13  0:13  Overlord  
  13  0:18  Drone  
  14  0:31  Drone x2  
  17  0:35  Drone  
  17  1:04  Drone  
  17  1:05  Drone  
  17  1:09  Hatchery  
  18  1:16  Drone, Spawning Pool  
  18  1:20  Extractor  
  18  1:24  Drone  
  18  1:29  Drone  
  19  1:54  Drone  
  19  1:55  Drone  
  21  2:02  Overlord  
  21  2:14  Zergling x2  
  22  2:20  Queen x2  
  26  2:23  Overlord  
  26  2:27  Drone  
  27  2:33  Zergling x2  
  29  2:37  Drone  
  29  2:46  Zergling x4  
  31  3:12  Drone x4  
  35  3:16  Metabolic Boost  
  35  3:21  Drone x2  
  37  3:28  Queen x2  
  37  3:31  Hatchery  
  40  3:41  Zergling x8  
  41  3:48  Baneling Nest  
  43  3:53  Drone  
  44  4:02  Overlord x3  
  44  4:20  Drone x6  
  48  4:33  Lair  
  48  4:45  Queen  
  48  4:47  Overlord  
  48  4:48  Overlord x2  
  48  4:50  Zergling x12  
  56  4:57  Drone x2  
  58  5:14  Zergling x16  
  59  5:17  Baneling  
  59  5:18  Baneling x12  
  59  5:19  Evolution Chamber  
  59  5:20  Evolution Chamber  
  64  5:22  Drone  
  64  5:23  Extractor  
  64  5:30  Drone  
  64  5:31  Drone x3  
  68  5:48  Drone  
  68  5:49  Drone  
  71  5:50  Drone  
  71  6:01  Zerg Melee Weapons Level 1  
  71  6:04  Zergling x2  
  71  6:05  Zergling x18  
  71  6:07  Overlord x5  
  81  6:20  Extractor  
  81  6:23  Extractor  
  79  6:29  Centrifical Hooks  
  79  6:33  Spore Crawler  
  79  6:37  Spore Crawler  
  77  6:44  Spore Crawler  
  77  6:46  Zergling x2  
  79  6:47  Zergling x28  
  91  7:01  Zergling x2  
  91  7:02  Zergling x10  
  97  7:09  Baneling x8  
  80  8:04  Spore Crawler  
  80  8:05  Spore Crawler  
  71  8:06  Spore Crawler  
  71  8:09  Queen x2, Spore Crawler  
  71  8:11  Zergling x26  
  71  8:12  Zergling x16  
  64  8:47  Queen x2  
  41  9:16  Drone  
  34  9:17  Drone x4  
  34  9:19  Drone x3  
  34  9:23  Drone x4  
  34  9:24  Drone x3  
  30  9:56  Hatchery  
  29  10:04  Spawning Pool  
  29  10:06  Drone x3  
  31  10:29  Hatchery  
  31  10:35  Drone x3  
  33  10:53  Spore Crawler  
  32  10:57  Spore Crawler  
  32  10:59  Spore Crawler  
  32  11:00  Drone x2  
  32  11:01  Drone, Spore Crawler  
  32  11:07  Zergling x2  
  32  11:08  Zergling x14  
  34  11:58  Spawning Pool  
  33  12:01  Drone x2  
  33  12:02  Drone x2  
  33  12:07  Drone x3, Hatchery  
  35  12:50  Zergling x2  
  35  12:51  Zergling x16  
  44  12:58  Queen  
  44  13:00  Queen  
  44  13:01  Queen  
  50  13:26  Zergling x18  
  50  13:27  Zergling x2  
  53  13:43  Lair  
  51  13:49  Zergling x2  
  51  13:50  Zergling x14  
  59  14:02  Queen  
  52  14:31  Zergling x2  
  52  14:32  Zergling x36  
  70  14:49  Spire  
  67  14:59  Spore Crawler  
  66  15:02  Spore Crawler x3  
  66  15:04  Spore Crawler  
  62  15:08  Spore Crawler  
  62  15:10  Drone x3  
  41  15:49  Hydralisk Den  
  33  15:52  Extractor  
  33  15:55  Extractor  
  31  16:01  Mutalisk  
  31  16:02  Mutalisk x12  
  57  16:10  Zergling x6  
  57  16:11  Zergling x4  
  48  16:43  Mutalisk  
  48  16:44  Mutalisk  
  48  16:46  Drone  
  53  16:47  Drone x10  
  53  17:39  Hydralisk  
  53  17:40  Hydralisk x6  
  67  17:52  Spawning Pool  
  60  18:01  Hydralisk  
  60  18:02  Hydralisk  
  59  18:35  Drone x2  
  59  18:36  Drone x2  
  59  18:39  Drone x2  
Tags
 
Add a new tag
Caveats
  • Supply blocks, unpowered buildings, or Contaminate may cause inaccurate times.
  • Supply counts are checked every 10 seconds.